[Event "*** Titled Tuesday Blitz"]
[Site "Chess.com"]
[Date "2019.01.01"]
[Round "1"]
[White "pultineviciuspaulius"]
[Black "Zarikovs1999"]
[Result "1-0"]
[WhiteElo "2610"]
[BlackElo "2259"]
[TimeControl "180+2"]
[EndTime "13:08:15 PST"]
[Termination "pultineviciuspaulius won by resignation"]

1. d4 Nf6 2. Nf3 e6 3. Bf4 d5 4.
e3 c5 5. Nbd2 Nc6 6. c3 Bd6 7. Bg3 Bxg3 8. hxg3 Qd6 9. Bd3 e5 10.
dxc5 Qxc5 11. e4 Bg4 12. exd5 Qxd5 13. Qe2 O-O-O 14. Bc4 Qd6 15. O-O-O Qc7 16. Ne4 Nxe4 17. Qxe4 Bxf3 18. gxf3 h6 19. Qf5+ Kb8 20. Qxf7 Rhf8 21.
Qxc7+ Kxc7 22. Bd5 Ne7 23. Be4 Rxd1+ 24. Rxd1 Rd8 25.
Rh1 b6 26. Kc2 Rd6 27. a4 a5 28. Rh5 Re6 29. b4 Kd6 30. Kb3 Nc8 31. Rh1 Ne7 32.
Kc4 Ng8 33. Rd1+ Kc7 34. Bd5 Rd6 35. Re1 Nf6 36. Rxe5 axb4 37. cxb4 Nd7 38. Re7 Kd8 39.
Re6 Rxe6 40. Bxe6 Ne5+ 41. Kb5 Kc7 42. Bd5 Nd7 43. a5 bxa5 44. bxa5 Kb8 45. a6 Ka7 46. Kc6 Nb6 47. Be4 Kxa6 48. Kd6 Kb5 49. Ke6 Nc4 50. Kf7 g5 51. Kg6 Nb2 52. Kxh6 Nd1 53. Kxg5 Kc5 54.
Kf6 Nxf2 55. g4 Kd4 56. g5 Nh3 57. g6 Nf4 58. g7 Nh5+ 59. Kf7 Nxg7 60. Kxg7 Ke5 61.
Kg6 Kf4 62. Kf6 1-0

[Event "*** Titled Tuesday Blitz"]
[Site "Chess.com"]
[Date "2019.01.01"]
[Round "1"]
[White "talento10"]
[Black "yobdc"]
[Result "1-0"]
[WhiteElo "2536"]
[BlackElo "2133"]
[TimeControl "180+2"]
[EndTime "13:08:16 PST"]
[Termination "talento10 won by resignation"]

1. e4 e5 2. Nf3 Nc6 3. Bc4 Bc5 4. d3 Nf6 5. h3 O-O 6. O-O d6 7. c3 a6 8. Re1 h6 9. Nbd2 Ba7 10. a4 Ne7 11. Nf1 Ng6 12. Be3 Be6 13. Bxe6 fxe6 14.
Bxa7 Rxa7 15. b4 Ra8 16. g3 Nh7 17. Re3 Qf6 18. N1h2 h5 19. Qd2 Rf7 20. h4 Raf8 21. d4 exd4 22. cxd4 e5 23. d5 Qd8 24. b5 Nh8 25. bxa6 bxa6 26. Rb1 g5 27. hxg5 Nxg5 28. Qe2 Ng6 29. Reb3 Nh3+ 30. Kh1 Qf6 31. Rc1 Kh8 32.
Rb7 Qd8 33. Qe3 Kg7 34. Qa7 Rxf3 35. Nxf3 Rxf3 36. Rcxc7+ Kh6 37. Kg2 Qf6 38. Rh7+ Kg5 39.
Rbf7 Rxf2+ 40. Kxh3 Qd8 41. Qxf2 1-0

[Event "*** Titled Tuesday Blitz"]
[Site "Chess.com"]
[Date "2019.01.01"]
[Round "1"]
[White "Boundless_Strike"]
[Black "Shant_Sargsyan"]
[Result "0-1"]
[WhiteElo "2463"]
[BlackElo "2971"]
[TimeControl "180+2"]
[EndTime "13:08:17 PST"]
[Termination "Shant_Sargsyan won by resignation"]

1. e4 e5 2. f4 d5 3. exd5 exf4 4.
Nf3 Nf6 5. Nc3 Nxd5 6. Bc4 Be6 7. Bxd5 Bxd5 8. O-O Be7 9. d4 O-O 10. Bxf4 Bxf3 11.
Rxf3 Nc6 12. d5 Bc5+ 13. Kh1 Nd4 14. Rd3 Nf5 15. Qg4 g6 16. Ne4 Be7 17. Be5 f6 18.
Bf4 Qd7 19. c4 Rad8 20. Rad1 Ng7 21. Qg3 Nh5 22. Qf3 Nxf4 23. Qxf4 f5 24. Ng5 Bxg5 25. Qxg5 Rde8 26. h3 Re4 27. d6 c5 28. Re3 Rfe8 29.
Rxe4 Rxe4 30. Qf6 b6 31. b3 Re8 32. Rd5 Qd8 33. d7 Re1+ 34. Kh2 Qxf6 35. d8=Q+ Qxd8 36. Rxd8+ Kf7 37. Rd7+ Re7 38. Rd6 Kg7 39. Kg3 h5 40.
Kf4 Kh6 41. g3 Re2 42. Rd8 Rxa2 43. Rh8+ Kg7 44. Rb8 Kf6 45. Rf8+ Ke7 46. Ra8 Ra3 47. Ke5 Kf7 48. Rb8 Rxb3 49. Rb7+ Ke8 50. Rxa7 Rxg3 51.
Ke6 Re3+ 52. Kd6 Rxh3 53. Kc6 Rb3 0-1

[Event "*** Titled Tuesday Blitz"]
[Site "Chess.com"]
[Date "2019.01.01"]
[Round "1"]
[White "GadimbayliA"]
[Black "TastyFrenchFries"]
[Result "1-0"]
[WhiteElo "2764"]
[BlackElo "2406"]
[TimeControl "180+2"]
[EndTime "13:08:19 PST"]
[Termination "GadimbayliA won by resignation"]

1. e4 e6 2. d4 d5 3. Nd2 Nf6 4. e5 Nfd7 5. Bd3 c5 6. c3 Nc6 7.
Ne2 cxd4 8. cxd4 f6 9. exf6 Qxf6 10. O-O Nxd4 11. Nxd4 Qxd4 12. Nf3 Qf6 13. Re1 Bd6 14.
Ng5 Nc5 15. Bb5+ Bd7 16. b4 Bxb5 17. bxc5 O-O 18. Be3 Bf4 19. Bxf4 Qxf4 20. Nxe6 Qxf2+ 21. Kh1 Bc6 22. Nxf8 Rxf8 23. Rf1 Qxc5 24. Rxf8+ Qxf8 25. Qd4 h6 26. Qxa7 Qf6 27. Rd1 Qg6 28. Qd4 Kh7 29. Qd3 Qxd3 30. Rxd3 Kg6 31. Kg1 Kf5 32. Kf2 Ke4 33. Re3+ Kf5 34. Re7 Kf6 35. Re1 d4 36. g3 g5 37. a3 h5 38. h4 gxh4 39. gxh4 Kf5 40. Rg1 Kf4 41. Ke2 Bb5+ 42. Kd2 Ke4 43. Rg5 Be8 44. Rg7 Bc6 45. Rh7 Be8 46. Re7+ Kf4 47. Rxe8 Kg4 48. Re7 Kxh4 49. Rxb7 Kg3 50. a4 h4 51. a5 h3 52. Rg7+ Kf2 53. Rh7 Kg2 54. a6 h2 55. a7 h1=Q 56. a8=Q+ Kf2 57.
Qxh1 d3 1-0

[Event "*** Titled Tuesday Blitz"]
[Site "Chess.com"]
[Date "2019.01.01"]
[Round "1"]
[White "RajdeepS"]
[Black "sandager"]
[Result "1-0"]
[WhiteElo "2502"]
[BlackElo "2012"]
[TimeControl "180+2"]
[EndTime "13:08:20 PST"]
[Termination "RajdeepS won by resignation"]

1. Nf3 Nf6 2. d4 g6 3. g3 Bg7 4. Bg2 O-O 5. O-O d5 6. c4 c6 7. Nbd2 Bf5 8. b3 a5 9. e3 Na6 10. Ba3 Nb4 11. Bb2 Bd3 12. a3 Bxf1 13. Bxf1 Na6 14. Bd3 Nc7 15. Qe2 Re8 16. Ne5 Nd7 17.
f4 Nxe5 18. dxe5 f6 19. Nf3 Ne6 20. Rd1 Qb6 21. f5 gxf5 22. Bxf5 Nf8 23. cxd5 cxd5 24.
Bd4 Qxb3 25. exf6 exf6 26. Rb1 Qxa3 27. Rxb7 Re7 28. Qb5 Rae8 29. Rxe7 Rxe7 30. Qxd5+ Kh8 31. Bc5 Qc1+ 32. Kg2 Qb2+ 33. Kh3 Re8 34. Qf7 Qb8 35. Bd4 Qd8 36. Nh4 Qe7 37. Qh5 Kg8 38. Bd3 Qf7 39. Qxa5 Ng6 40. Nf5 Bh6 41. Nxh6+ Kg7 42. Nxf7 1-0

[Event "*** Titled Tuesday Blitz"]
[Site "Chess.com"]
[Date "2019.01.01"]
[Round "1"]
[White "Kacparov"]
[Black "andresgv36"]
[Result "1-0"]
[WhiteElo "2696"]
[BlackElo "2337"]
[TimeControl "180+2"]
[EndTime "13:08:21 PST"]
[Termination "Kacparov won by resignation"]

1. e4 e5 2. Nf3 Nc6 3. Bb5 a6 4. Ba4 Nf6 5. d3 b5 6. Bb3 Be7 7.
Nc3 O-O 8. a4 b4 9. Nd5 Na5 10.
Nxe7+ Qxe7 11. Ba2 b3 12. cxb3 d5 13. Nd2 Nc6 14. O-O a5 15. Re1 Ba6 16. Bb1 Rfd8 17. h3 Nb4 18. Qf3 dxe4 19. dxe4 Nd3 20. Bxd3 Rxd3 21. Re3 Rad8 22. Nc4 Rd1+ 23. Kh2 Bb7 24. Nxa5 Ba8 25. Nc4 R8d4 26. Qg3 Nxe4 27. Qxe5 Qxe5+ 28. Nxe5 f6 29. Nf3 Rd8 30. Re1 Nxf2 31. Bf4 Rxa1 32.
Rxa1 Nd3 33. Bxc7 Rc8 34. Bd6 Rc2 35. Kg1 Rxb2 36. Rd1 Rxb3 37. Nd4 Rc3 38. a5 Ne5 39.
Nf5 Nc4 40. Bb4 Rb3 41. Rd8+ Kf7 42. Rf8+ Kg6 43. Ne7+ Kg5 44. Rxa8 Rxb4 45. a6 Ra4 46. Nd5 Ra2 47. a7 g6 48. Rc8 Na5 49. a8=Q 1-0

[Event "*** Titled Tuesday Blitz"]
[Site "Chess.com"]
[Date "2019.01.01"]
[Round "1"]
[White "tigra"]
[Black "Supernotar"]
[Result "1-0"]
[WhiteElo "2766"]
[BlackElo "2401"]
[TimeControl "180+2"]
[EndTime "13:08:22 PST"]
[Termination "tigra won by checkmate"]

1. e4 c6 2. d4 d5 3. Nc3 dxe4 4. Nxe4 Bf5 5. Ng3 Bg6 6. Nh3 e6 7. Nf4 Bd6 8. h4 Qc7 9. Ngh5 Bxh5 10. Nxh5 g6 11.
Ng3 Bxg3 12. fxg3 Qxg3+ 13. Kd2 Qf2+ 14. Kc3 Nf6 15. Qf3 Nd5+ 16. Kd3 Nb4+ 17. Kc3 Nd5+ 18.
Kb3 Qxd4 19. a3 Nd7 20. Bh6 O-O-O 21. Ka2 Ne5 22. Qb3 Ng4 23. Bg5 f6 24. Bc1 Nf2 25. Rh2 Ne4 26. Rh3 Nc5 27. Qf3 e5 28. c3 Qa4 29.
Rb1 Qb3+ 30. Ka1 e4 31. Qf2 Qb6 32. Qe1 Nb3+ 33. Ka2 f5 34. Bg5 Rd7 35. c4 Nd4 36. cxd5 Rxd5 37. Rc3 Ne6 38. Bc4 Re5 39. Bf6 Re8 40.
Bxe5 Nc5 41. Bd4 Rd8 42. Bxc5 Qc7 43. Rd1 b6 44. Ba6+ Kb8 45. Rxd8+ Qxd8 46. Qg3+ Ka8 47.
Qd6 Qe8 48. Bd4 Qf7+ 49. b3 Qe8 50. Rxc6 e3 51. Rc8+ Qxc8 52. Bxc8 e2 53. Qc6+ Kb8 54. Qb7# 1-0

[Event "*** Titled Tuesday Blitz"]
[Site "Chess.com"]
[Date "2019.01.01"]
[Round "1"]
[White "Rashad_Zeynalli"]
[Black "penguingm1"]
[Result "0-1"]
[WhiteElo "2426"]
[BlackElo "2814"]
[TimeControl "180+2"]
[EndTime "13:08:23 PST"]
[Termination "penguingm1 won by resignation"]

1. e4 e5 2. Nf3 Nc6 3. d4 exd4 4. Nxd4 Nf6 5. Nxc6 bxc6 6. Bd3 d5 7. e5 Nd7 8. O-O Nc5 9. f4 g6 10. Nd2 Nxd3 11.
cxd3 Bc5+ 12. Kh1 h5 13. Nb3 Bb6 14. d4 a5 15. a4 Bf5 16. Be3 Qd7 17. Rc1 h4 18.
Rc3 Qe6 19. Qc1 Kd7 20. Rc5 Be4 21. Kg1 Rhb8 22. h3 Ba7 23. Qc3 Rxb3 24. Qxb3 Bxc5 25. dxc5 Kc8 26. Qc3 Qf5 27. b4 axb4 28. Qxb4 Rb8 29. Qc3 Bd3 30. Ra1 Bc4 31. a5 Rb3 32. Qd2 d4 33. a6 dxe3 34. Qd4 Rb1+ 35. Kh2 Rxa1 36. Qxa1 Qxf4+ 37. Kh1 e2 38. a7 Qf1+ 0-1

[Event "*** Titled Tuesday Blitz"]
[Site "Chess.com"]
[Date "2019.01.01"]
[Round "1"]
[White "Peroncio"]
[Black "patrisiii123"]
[Result "1-0"]
[WhiteElo "2637"]
[BlackElo "2274"]
[TimeControl "180+2"]
[EndTime "13:08:23 PST"]
[Termination "Peroncio won by checkmate"]

1. e4 e5 2. Nf3 Nc6 3. d3 Nf6 4. Be2 h6 5. Nbd2 Bc5 6. O-O d6 7. c3 Bb6 8. Nc4 Bg4 9. a4 a5 10. Nxb6 cxb6 11. Nh4 Be6 12. g3 g5 13. Nf5 Bxf5 14.
exf5 Qd7 15. Qb3 Qxf5 16. Qxb6 O-O 17. Qe3 Ne7 18. Qf3 Qg6 19. Qxb7 Ned5 20. Qb3 Rab8 21. Qd1 Ne7 22. Bf3 d5 23. Re1 e4 24. dxe4 dxe4 25.
Bg2 Rfd8 26. Qc2 e3 27. Qxg6+ Nxg6 28. Bxe3 Rxb2 29. Bd4 Nd5 30. c4 Rb4 31. Bxd5 Rxd5 32. cxd5 Rxd4 33. Rad1 Rxa4 34. d6 Nf8 35. d7 Nxd7 36.
Rxd7 Ra3 37. Ra7 a4 38. Ree7 Rf3 39. Rxa4 Rf6 40. h4 Kg7 41. hxg5 hxg5 42. Kg2 Rf5 43.
Raa7 Kg6 44. Reb7 Rf6 45. Rb5 Re6 46. Raa5 f6 47. Ra7 Re8 48. g4 Rg8 49. Rbb7 Kh6 50. Kf3 Kg6 51. Kg3 Kh6 52. f4 gxf4+ 53. Kxf4 Kg6 54.
Rc7 Kh6 55. Kf5 Rg5+ 56. Kxf6 Rg6+ 57. Kf5 Rg5+ 58. Kf4 Rb5 59. Rc6# 1-0

[Event "*** Titled Tuesday Blitz"]
[Site "Chess.com"]
[Date "2019.01.01"]
[Round "1"]
[White "MatthewG-p4p"]
[Black "MFguimaraes"]
[Result "1-0"]
[WhiteElo "2652"]
[BlackElo "2305"]
[TimeControl "180+2"]
[EndTime "13:08:24 PST"]
[Termination "MatthewG-p4p won by resignation"]

1. c4 c6 2. e4 d5 3. exd5 cxd5 4. cxd5 Nf6 5. Qa4+ Nbd7 6. Nc3 g6 7. Nf3 Bg7 8. Bc4 O-O 9. d3 a6 10. Qa3 b6 11. O-O Bb7 12. Re1 b5 13. Bb3 Re8 14. Be3 Ng4 15. Bg5 h6 16. Bxe7 Qb6 17. Re2 Bf8 18.
Bxf8 Rxe2 19. Nxe2 Qxf2+ 20. Kh1 Qxe2 21. Be7 Ne3 22.
Rg1 Nxg2 23. Rxg2 Qxf3 24. Qd6 Rc8 25. h4 Qf5 26. Kh2 Ne5 27. Qb4 Nxd3 28. Qd4 Ne5 29. Kg3 Qf3+ 30. Kh2 Qh5 31. Kg3 Re8 32. Bf6 Nf3 33.
Qf4 Bxd5 34. Bxd5 Qxd5 35. Qxf3 Qd6+ 36. Kf2 Qd2+ 37. Kg3 Re3 38. Rxd2 Rxf3+ 39. Kxf3 g5 40. h5 1-0

[Event "*** Titled Tuesday Blitz"]
[Site "Chess.com"]
[Date "2019.01.01"]
[Round "1"]
[White "FelixBlohberger"]
[Black "pawnhopper316"]
[Result "1-0"]
[WhiteElo "2592"]
[BlackElo "2243"]
[TimeControl "180+2"]
[EndTime "13:08:26 PST"]
[Termination "FelixBlohberger won by resignation"]

1. c4 Nf6 2. Nc3 g6 3. e4 d6 4. d4 Bg7 5. Be2 O-O 6. Be3 e5 7. d5 c6 8. h4 cxd5 9. cxd5 h5 10. f3 Na6 11. Nh3 Bxh3 12. Rxh3 Nc5 13. Qd2 Qa5 14.
Rb1 Qd8 15. b4 Na6 16. Kf2 Rc8 17. Nb5 Nc7 18. Nxa7 Qd7 19. Nxc8 Rxc8 20. Rc1 Ra8 21. Rhh1 Nb5 22. Bxb5 Qxb5 23. Rc7 Ne8 24. Rc2 Qd7 25. Rhc1 Bf6 26. Bg5 Bg7 27. Kg1 Kh7 28. Kh2 Kg8 29. Bh6 Bf6 30. Bg5 Bg7 31. Qd3 Kh7 32. Qd2 Kg8 33. Rc3 Kh7 34. Qc2 Nf6 35. Rc7 Qe8 36.
Rc8 Rxc8 37. Qxc8 Qa4 38. Qxb7 Qxa2 39. Qxf7 Ng4+ 40. fxg4 hxg4 41. Bf6 g3+ 42. Kh3 1-0

[Event "*** Titled Tuesday Blitz"]
[Site "Chess.com"]
[Date "2019.01.01"]
[Round "1"]
[White "northridgehawk"]
[Black "PulpanJ"]
[Result "0-1"]
[WhiteElo "2248"]
[BlackElo "2603"]
[TimeControl "180+2"]
[EndTime "13:08:29 PST"]
[Termination "PulpanJ won by resignation"]

1. e4 c6 2. d4 d5 3. e5 Bf5 4.
Nf3 e6 5. Be2 Ne7 6. O-O Nd7 7.
Be3 h6 8. c3 Bh7 9. Nbd2 Ng6 10. a4 Be7 11. a5 O-O 12. Ne1 c5 13. f4 Nb8 14. dxc5 Nc6 15. Nef3 Nxa5 16. b4 Nc6 17.
Nb3 b6 18. b5 Na5 19. c6 Nxb3 20. Qxb3 Bc5 21. Nd4 f6 22. Kh1 Qe7 23. f5 Nxe5 24. fxe6 Be4 25. Qd1 f5 26. Bf4 Ng6 27. c4 Nxf4 28.
Rxf4 dxc4 29. Nc2 Qxe6 30. Qf1 Kh8 31. Bxc4 Qe5 32. Re1 Qc3 33. Ne3 Bxe3 34. Rxe3 Qxe3 35. Rf2 Qc5 36. Re2 Qxc4 37. h4 Bd3 38. Qd1 Bxe2 0-1

[Event "*** Titled Tuesday Blitz"]
[Site "Chess.com"]
[Date "2019.01.01"]
[Round "1"]
[White "TigranLPetrosyan"]
[Black "Zufi1811"]
[Result "1-0"]
[WhiteElo "2812"]
[BlackElo "2426"]
[TimeControl "180+2"]
[EndTime "13:08:30 PST"]
[Termination "TigranLPetrosyan won by resignation"]

1. d4 Nf6 2. Nf3 d5 3. Bf4 e6 4. e3 Bd6 5. Bd3 c5 6. c3 Qc7 7. Bg3 Nbd7 8. Nbd2 b6 9. Qe2 Bb7 10. O-O Bxg3 11. hxg3 O-O 12. e4 dxe4 13. Nxe4 Nxe4 14. Bxe4 Bxe4 15. Qxe4 Nf6 16. Qf4 Qxf4 17. gxf4 cxd4 18. Nxd4 Rfd8 19. Rfd1 g6 20. g3 Kg7 21. Nc6 Rdc8 22. Ne5 Rc7 23. Rd4 h5 24. Rad1 Rac8 25. a4 Nd5 26. c4 Nf6 27. b3 Ng4 28. Nf3 Nf6 29. Rd8 Rxd8 30. Rxd8 Rd7 31. Ra8 Ng4 32. Ng5 Kf6 33.
Kf1 e5 34. c5 bxc5 35. Ne4+ Kf5 36. Nxc5 Rd2 37. Rxa7 Rxf2+ 38. Kg1 f6 39. fxe5 Rc2 40. b4 Ne3 41. exf6 Kg4 42. Re7 Kf3 43. Rxe3+ Kxe3 44. a5 Rf2 45. a6 Rxf6 46. a7 Rf8 47. b5 Kd4 48. Ne6+ 1-0

[Event "*** Titled Tuesday Blitz"]
[Site "Chess.com"]
[Date "2019.01.01"]
[Round "1"]
[White "VNeimer"]
[Black "CaptainCasanova"]
[Result "0-1"]
[WhiteElo "2380"]
[BlackElo "2742"]
[TimeControl "180+2"]
[EndTime "13:08:33 PST"]
[Termination "CaptainCasanova won by resignation"]

1. Nf3 Nf6 2. c4 g6 3. g3 Bg7 4. Bg2 O-O 5. d4 d6 6. O-O Nc6 7. Nc3 Bf5 8. Ne1 Qc8 9. e4 Bh3 10. f3 Bxg2 11. Kxg2 Na5 12. b3 c5 13. Nc2 a6 14.
Bb2 Nd7 15. Nd5 Qd8 16. Qc1 e6 17. Nde3 b5 18. dxc5 dxc5 19. Bxg7 Kxg7 20. Rd1 Qe7 21. Qd2 Ra7 22. Qxa5 b4 23. a3 Rb8 24. axb4 cxb4 25. Nd4 Rb6 26. Ne2 Rab7 27. h4 h5 28. g4 hxg4 29.
Nxg4 Nc5 30. Rab1 f5 31. Nf2 e5 32. Rd5 Rc6 33. Qa1 Nd7 34. Rh1 Re6 35. Ng3 f4 36.
Ne2 Nf6 37. Nxf4 exf4 38. h5 Kg8 39. h6 Kh7 40. Nh3 Nxd5 41. cxd5 Re5 42. Qxa6 Ra7 43.
Qe2 Rh5 44. e5 Rxe5 0-1

[Event "*** Titled Tuesday Blitz"]
[Site "Chess.com"]
[Date "2019.01.01"]
[Round "1"]
[White "pedromartinez91"]
[Black "Jospem"]
[Result "0-1"]
[WhiteElo "2413"]
[BlackElo "2789"]
[TimeControl "180+2"]
[EndTime "13:08:36 PST"]
[Termination "Jospem won by resignation"]

1. e4 c5 2. Nf3 d6 3. Bb5+ Nd7 4. d4 cxd4 5. Qxd4 a6 6. Bxd7+ Bxd7 7. c4 Rc8 8. O-O e5 9. Qd3 b5 10. Na3 Qb6 11. Be3 Qb7 12. Rfc1 Nf6 13. Nd2 Be7 14. Bg5 Nh5 15. Bxe7 Kxe7 16. g3 Nf6 17. cxb5 axb5 18.
Nc2 Rhd8 19. Nb4 Rc5 20. f3 Rdc8 21. Nb3 Rc4 22. a3 Be6 23. Kg2 Qb6 24. Rd1 h6 25. Nd2 R4c5 26. Nf1 d5 27. exd5 Nxd5 28. Nxd5+ Rxd5 29. Qe2 Rdc5 30. Ne3 Kf8 31. Qd2 Kg8 32. Qd6 Qb7 33.
Kf2 Qa8 34. Qd2 f5 35. Rac1 f4 36. Nf1 Bc4 37. Re1 Rd8 38. Qb4 Rcd5 39. Rc2 Rd3 40.
Nd2 Qd5 41. Ne4 Rxf3+ 42. Kxf3 Qd3+ 43. Kg4 Qxc2 44. Qe7 Rf8 45. Qe6+ Bxe6+ 0-1

[Event "*** Titled Tuesday Blitz"]
[Site "Chess.com"]
[Date "2019.01.01"]
[Round "1"]
[White "MateSchmate"]
[Black "Blagorod"]
[Result "0-1"]
[WhiteElo "2493"]
[BlackElo "2115"]
[TimeControl "180+2"]
[EndTime "13:08:36 PST"]
[Termination "Blagorod won by checkmate"]

1. e4 e5 2. Nf3 Nf6 3. Nxe5 d6 4. Nf3 Nxe4 5. Nc3 Nxc3 6. bxc3 Be7 7. g3 Nc6 8. Bg2 Be6 9. O-O O-O 10. d4 h6 11. d5 Bg4 12. dxc6 bxc6 13. Re1 Bf6 14. Qd3 Bh5 15. Be3 Bg6 16. Qd2 c5 17. Rab1 Rb8 18. h4 Qd7 19. Rb3 Bh5 20. Reb1 Rbe8 21. c4 Qf5 22. Bf4 Re7 23. Re3 Rfe8 24. Rbe1 Rxe3 25.
Rxe3 Rb8 26. Kh2 g5 27. Bxg5 hxg5 28. Nxg5 Bd4 29. Re7 Bxf2 30. Bd5 Rb1 31. Bxf7+ Bxf7 32. Rxf7 Bg1+ 33. Kh1 Qxf7 34. Qd3 Bd4+ 35. Kg2 Qg7 36. Qf5 Qf6 37. Qh7+ Kf8 38. Qxc7 Qf1+ 39. Kh2 Bg1+ 40. Kh1 Bf2+ 41. Kh2 Bg1+ 42. Kh1 Bf2+ 43. Kh2 Qh1# 0-1

[Event "*** Titled Tuesday Blitz"]
[Site "Chess.com"]
[Date "2019.01.01"]
[Round "1"]
[White "Morshynska"]
[Black "MatyChess1"]
[Result "0-1"]
[WhiteElo "2076"]
[BlackElo "2505"]
[TimeControl "180+2"]
[EndTime "13:08:37 PST"]
[Termination "MatyChess1 won by resignation"]

1. Nf3 Nf6 2. d4 g6 3. c4 Bg7 4. b3 O-O 5. Bb2 d5 6. e3 c6 7.
Nc3 Bg4 8. Be2 e6 9. O-O Nbd7 10.
Rc1 a6 11. h3 Bxf3 12. Bxf3 Re8 13. g4 dxc4 14. bxc4 e5 15. Bg2 h6 16. Qb3 Rb8 17. Rfd1 exd4 18. exd4 Qc7 19. d5 Qf4 20. Qc2 Qxc4 21.
dxc6 bxc6 22. Na4 Qf4 23. Rd4 Qg5 24. Rc4 h5 25. f4 Qh4 26. g5 Nd5 27. Bxg7 Kxg7 28.
Bxd5 cxd5 29. Rd4 Qg3+ 30. Kf1 Qxh3+ 31. Kg1 Qg3+ 32. Kf1 Re3 33. Rd2 Rbe8 34. Rf2 Qh3+ 35. Rg2 Qh1+ 36. Kf2 Re2+ 37. Qxe2 Rxe2+ 38. Kxe2 Qxc1 0-1

[Event "*** Titled Tuesday Blitz"]
[Site "Chess.com"]
[Date "2019.01.01"]
[Round "1"]
[White "gemarin"]
[Black "Mikhail_Golubev"]
[Result "0-1"]
[WhiteElo "2067"]
[BlackElo "2503"]
[TimeControl "180+2"]
[EndTime "13:08:38 PST"]
[Termination "Mikhail_Golubev won on time"]

1. d4 Nf6 2. c4 g6 3. Nc3 Bg7 4. Nf3 O-O 5. e4 d6 6. Be2 e5 7. d5 Qe8 8. O-O Nh5 9. Re1 Nf4 10. Bf1 Bg4 11. h3 Bxf3 12. Qxf3 f5 13. Bxf4 fxe4 14. Rxe4 Qd8 15. Qe3 exf4 16. Rxf4 Rxf4 17. Qxf4 Nd7 18. Re1 Nc5 19. Be2 Qf8 20. Qd2 Qf6 21. Bg4 Rf8 22. Re2 h5 23. Be6+ Kh7 24. Nb5 a6 25.
Nc3 Bh6 26. Qc2 Qd4 27. b4 Nd3 28. a3 Ne5 29. c5 h4 30. Ne4 Qa1+ 31. Kh2 Bf4+ 32.
g3 hxg3+ 33. fxg3 Nf3+ 34. Kg2 Qg1+ 35. Kxf3 Bxg3+ 36. Kg4 Bf2+ 0-1

[Event "*** Titled Tuesday Blitz"]
[Site "Chess.com"]
[Date "2019.01.01"]
[Round "1"]
[White "Pakarma"]
[Black "Firouzja2003"]
[Result "0-1"]
[WhiteElo "2465"]
[BlackElo "2993"]
[TimeControl "180+2"]
[EndTime "13:08:39 PST"]
[Termination "Firouzja2003 won by checkmate"]

1. e4 e5 2. Nc3 Nc6 3. Bc4 Nf6 4. d3 Na5 5. Qf3 Nxc4 6. dxc4 Bc5 7. Nge2 h6 8. Be3 Bxe3 9. Qxe3 d6 10. h3 Be6 11. b3 c6 12. Rd1 Qe7 13. O-O O-O 14. Rd2 Rfd8 15. Rfd1 b6 16. Ng3 Rd7 17. Qf3 g6 18. Nf1 Kg7 19. Ne3 Nh7 20. Qg3 Kf8 21. Kh2 Rad8 22. f4 exf4 23. Qxf4 Qg5 24. g3 Ke7 25.
Rf2 Qe5 26. Rd3 h5 27. Rfd2 Nf6 28. Kg2 h4 29. Qxe5 dxe5 30. Rxd7+ Nxd7 31. gxh4 Rh8 32. Kg3 Nf6 33. Ng2 Nh5+ 34. Kh2 Nf4 35. Kg3 Nxh3 36.
Ne2 g5 37. c5 bxc5 38. Rd1 Nf4 39. Nexf4 gxf4+ 40. Kf2 f5 41. exf5 Bxf5 42. c3 Ke6 43. Re1 Kf6 44. Rd1 Be4 45. Rd6+ Kf5 46. Rd7 Rg8 47.
Ne1 Rg3 48. Rf7+ Ke6 49. Rxa7 Rxc3 50. h5 Rh3 51. Ra5 Kd6 52. Ra4 Bd5 53. Ra8 Rh2+ 54.
Kf1 Rh1+ 55. Kf2 e4 56. Rd8+ Ke7 57. Rh8 e3+ 58. Ke2 Be4 59. Nf3 Ra1 60. Ra8 Rb1 61. Ne1 Rb2+ 62. Kd1 f3 63. Kc1 Rb1# 0-1

[Event "*** Titled Tuesday Blitz"]
[Site "Chess.com"]
[Date "2019.01.01"]
[Round "1"]
[White "S2PAc"]
[Black "fmshawnrl123"]
[Result "0-1"]
[WhiteElo "2855"]
[BlackElo "2479"]
[TimeControl "180+2"]
[EndTime "13:08:39 PST"]
[Termination "fmshawnrl123 won by resignation"]

1. d4 Nf6 2. g3 e6 3. Bg2 Be7 4. Nf3 O-O 5. O-O b6 6. c4 Bb7 7. d5 exd5 8. Nh4 c6 9. cxd5 Nxd5 10. Nf5 Nc7 11. e4 d5 12. Nc3 Bf6 13. Re1 Nba6 14. e5 Be7 15. Bh6 gxh6 16. Qg4+ Bg5 17. h4 Kh8 18.
hxg5 Qxg5 19. Qf3 Bc8 20. Nd6 Be6 21. a3 Ne8 22. b4 b5 23. Nb7 Rb8 24. Na5 Rc8 25.
Rac1 Ng7 26. Ne2 c5 27. Nf4 cxb4 28. axb4 Nxb4 29. Rxc8 Rxc8 30. Qb3 Nc6 31. Nxc6 Rxc6 32. Qxb5 Rc8 33. Bxd5 Bxd5 34. Qxd5 Qe7 35. Ra1 h5 36.
Qa5 h4 37. Qxa7 Qxe5 38. Qxf7 Qxa1+ 39. Kh2 hxg3+ 40. fxg3 Qb2+ 41. Kh3 Qe5 42. Qd7 Qf5+ 43. Qxf5 Nxf5 44. Kg4 Nd4 45. Nh5 Rg8+ 46. Kf4 Ne6+ 47. Ke5 Rg5+ 0-1

[Event "*** Titled Tuesday Blitz"]
[Site "Chess.com"]
[Date "2019.01.01"]
[Round "1"]
[White "OparinGrigoriy"]
[Black "nurgyulsalimova"]
[Result "1-0"]
[WhiteElo "2933"]
[BlackElo "2458"]
[TimeControl "180+2"]
[EndTime "13:08:40 PST"]
[Termination "OparinGrigoriy won by resignation"]

1. Nf3 Nf6 2. g3 d5 3. Bg2 e6 4.
c3 Be7 5. O-O O-O 6. d3 b6 7.
Nbd2 Bb7 8. Qc2 c5 9. e4 Nc6 10. Re1 Rc8 11. e5 Nd7 12. Nf1 b5 13. h4 Qc7 14.
Bf4 d4 15. h5 Nb6 16. h6 g6 17.
N1h2 Nd5 18. Bd2 Rfd8 19. a3 Qd7 20. c4 bxc4 21. dxc4 Nb6 22. Qd3 a5 23. a4 Nb4 24.
Bxb4 cxb4 25. b3 Qc7 26. Nd2 Bxg2 27. Kxg2 Nd7 28. Ng4 Nc5 29. Qf3 Qc6 30. Qxc6 Rxc6 31. f4 Rc7 32. Kf3 Rcd7 33. Rab1 Kf8 34. Red1 Ke8 35.
Ne4 Nxe4 36. Kxe4 d3 37. Rd2 Rd4+ 38. Kf3 g5 39. Rbd1 gxf4 40. gxf4 Bc5 41. Nf6+ Ke7 42.
Ne4 Ba7 43. Nd6 Bb8 44. Nb5 R4d7 45. Ke4 f5+ 46. exf6+ Kxf6 47. Rxd3 Rxd3 48. Rxd3 Rxd3 49.
Kxd3 Bxf4 50. c5 Bxh6 51. c6 Ke7 52. Ke4 Bg5 53. Nd4 Bf6 54. c7 Kd7 55. Nxe6 h5 56. Kf5 Be7 57. Nf4 h4 58. Ng6 Bd6 59. Nxh4 Kxc7 60. Ke6 Bg3 61. Nf5 Bf2 62. Kd5 Kb6 63. Nd6 Ka6 64. Nc4 Bh4 65. Kc6 Bd8 66. Nd6 Be7 67. Ne4 Bd8 68. Nc5+ Ka7 69. Kb5 Bb6 70. Ne4 Bc7 71. Nd2 Bd8 72. Nc4 Bc7 73. Nxa5 Bd6 74. Nc6+ 1-0

[Event "*** Titled Tuesday Blitz"]
[Site "Chess.com"]
[Date "2019.01.01"]
[Round "1"]
[White "idvidal"]
[Black "Andrew-FB00"]
[Result "1-0"]
[WhiteElo "2487"]
[BlackElo "1808"]
[TimeControl "180+2"]
[EndTime "13:08:44 PST"]
[Termination "idvidal won by resignation"]

1. d4 Nf6 2. Nf3 e6 3. c4 b6 4.
g3 Bb7 5. Bg2 Be7 6. O-O O-O 7.
Nc3 d6 8. Qc2 c5 9. d5 exd5 10.
cxd5 Nbd7 11. e4 Ne5 12. Nxe5 dxe5 13. Rd1 Bd6 14. h3 a6 15. a4 Qe7 16. Be3 Nd7 17. Qb3 Qd8 18. Nb1 f5 19. exf5 Rxf5 20. Nd2 Qc7 21. Nc4 Raf8 22. Rac1 R5f7 23. Qa3 Rc8 24. Qb3 Nf6 25. Qxb6 Qxb6 26. Nxb6 Rd8 27. Nc4 e4 28.
Nxd6 Rxd6 29. Rxc5 Rfd7 30. Bf1 Bxd5 31. Bxa6 Rxa6 32.
a5 Rad6 33. Bf4 Re6 34. b4 Kf7 35. b5 Bb7 36. Rxd7+ Nxd7 37. Rc7 Re7 38. Rxb7 Nc5 39. Rxe7+ Kxe7 40. a6 Kd7 41. a7 1-0

[Event "*** Titled Tuesday Blitz"]
[Site "Chess.com"]
[Date "2019.01.01"]
[Round "1"]
[White "shnitez"]
[Black "aRk_iN"]
[Result "1-0"]
[WhiteElo "2549"]
[BlackElo "2148"]
[TimeControl "180+2"]
[EndTime "13:08:45 PST"]
[Termination "shnitez won by resignation"]

1. e4 c6 2. Nc3 d5 3. Nf3 Bg4 4. h3 Bxf3 5. gxf3 e6 6. d4 Bb4 7. Qd3 Nf6 8. Bd2 Nbd7 9. Rg1 g6 10. a3 Be7 11. O-O-O b5 12. exd5 cxd5 13. Nxb5 O-O 14. h4 Kh8 15. Bh3 Rb8 16. Bf4 Rb7 17. a4 Qb6 18. b3 a6 19. Nc3 Rc8 20. Na2 Qc6 21.
Kd2 a5 22. Rc1 Ba3 23. Rb1 Nb6 24. Qb5 Qxb5 25. axb5 Nbd7 26. Bf1 Nh5 27. Bh2 Be7 28. Bg3 Bf6 29. c3 Bg7 30. Bd3 Bh6+ 31. Ke2 Nf4+ 32. Bxf4 Bxf4 33. c4 dxc4 34. bxc4 Bh6 35. c5 Bg7 36.
Ke3 Nf6 37. Be4 Nd5+ 38. Bxd5 exd5 39. Kd3 Rbc7 40. Nc3 Bxd4 41. Kxd4 Rxc5 42. Nxd5 Rc4+ 43. Kd3 Ra4 44. b6 Rd8 45. b7 Rxd5+ 46. Ke2 1-0